AoeStats
← le avispe

Arabian Desert

509756370Analyzed
1v1 RM · 5d ago on Sep 27, 2026· 29m 47s· 2 players
Game mode
Random Map
Map size
Tiny (2 player)
Population
200
Speed
Normal
Resources
Standard
Victory
Conquest
Starting age
Dark Age
Ending age
Imperial Age
RankedLock teamsTeams togetherTeam positionsShared explorationLock speedFull tech treeHidden civsTurbo modeCheats
Victory
Defeat
🇦🇷 Inca · Argentina
1233
+15
🇧🇪 Mongols · Belgium
1221
-15
Lechuck
2:42 Loom
9:06 Feudal Age
9:47 Double-Bit Axe
9:46 Horse Collar
15:37 Loom
18:31 Forging
20:08 Bloodlines
28:23 Castle Age
le avispe
8:50 Loom
11:28 Feudal Age
11:43 Champi Runner
12:14 Double-Bit Axe
12:13 Horse Collar
14:16 Arson
15:32 Scale Mail Armor
18:28 Forging
23:38 Castle Age
23:05 Gold Mining
24:34 Wheelbarrow
24:41 Chain Mail Armor
24:29 Squires
24:35 Champi Warrior
29:59 Iron Casting
Connection lost

Rejoining the realm…

Still unreachable

The connection could not be restored.

Session expired

The server has moved on; the page needs a fresh start.